 Dungeon Crawl Stone Soup version 0.31-a0-1308-ga3cce3a448 (webtiles) character file.

Game seed: 17560754102272185879

3182 Curundu the Protected (level 9, -2/81 HPs)
             Began as a Minotaur Berserker on Dec 18, 2023.
             Was a Priest of Trog.
             Slain by an ogre
             ... wielding a +0 giant club
              (13 damage)
             ... on level 8 of the Dungeon on Dec 19, 2023.
             The game lasted 00:21:55 (5373 turns).

Curundu the Protected (Minotaur Berserker)          Turns: 5373, Time: 00:21:56

Health: -2/81      AC: 20    Str: 26    XL:     9   Next: 64%
Magic:  0/8        EV:  9    Int:  6    God:    Trog [***...]
Gold:   410        SH:  0    Dex: 14    Spells: 8/8 levels left

rFire   + . .        B - +7 trident of the Postmodern Tables {venom, ^Fragile rF+ Int+2 Dex+4}
rCold   + . .        (no shield)
rNeg    . . .        o - +0 plate armour
rPois   .            (helmet restricted)
rElec   .            h - +0 cloak
rCorr   .            b - +0 pair of gloves
SInv    .            H - +2 pair of boots
Will    .....        (no amulet) Stlth
                     q - ring of protection from cold
HPRegen 0.33/turn    (no ring)
MPRegen 0.11/turn

%: no passive effects
@: no status effects
A: horns 2, retaliatory headbutt
a: Renounce Religion, Berserk, Trog's Hand


You were on level 8 of the Dungeon.
You worshipped Trog.
Trog was most pleased with you.
You visited 1 branch of the dungeon, and saw 7 of its levels.

You collected 468 gold pieces.
You spent 58 gold pieces at shops.

Inventory:

Hand Weapons
 B - the +7 trident of the Postmodern Tables (weapon) {venom, ^Fragile rF+ Int+2 Dex+4}
   (You found it on level 6 of the Dungeon)

   Int+2:     It affects your intelligence (+2).
   Dex+4:     It affects your dexterity (+4).
   rF+:       It protects you from fire.
   ^Fragile:  It will be destroyed if unequipped.
Missiles
 l - 12 poisoned darts
 w - a throwing net
 C - 5 javelins
Armour
 b - a +0 pair of gloves (worn)
 h - a +0 cloak (worn)
 o - a +0 plate armour (worn)
 H - a +2 pair of boots (worn)
Jewellery
 q - a ring of protection from cold (left hand)
 s - the Hermit's Pendant {Faith Invo=14 Evo=0 MP+5}
   (You found it on level 3 of the Dungeon)

   [amulet of faith]

   Invo=14: It sets your Invocations skill to 14.
   Evo=0: It sets your Evocations skill to 0.
   Faith:     It allows you to gain divine favour quickly.
   MP+5:      It affects your magic capacity (+5).
 v - the ring "Udigesoe" {rCorr Int+4}
   (You found it on level 4 of the Dungeon)

   [ring of resist corrosion]

   Int+4:     It affects your intelligence (+4).
   rCorr:     It protects you from acid and corrosion.
 y - an amulet of magic regeneration
Wands
 r - a wand of charming (8)
 t - a wand of digging (1)
 E - a wand of mindburst (33)
Scrolls
 d - a scroll of vulnerability
 e - 3 scrolls of blinking
 i - 3 scrolls of teleportation
 j - 2 scrolls of immolation
 k - a scroll of torment {unknown}
 p - 2 scrolls of brand weapon
 u - 2 scrolls of noise
 A - 2 scrolls of poison
 D - 3 scrolls of revelation
 F - a scroll of enchant weapon
Potions
 a - a potion of magic {unknown}
 c - 5 potions of curing
 f - 2 potions of haste {unknown}
 g - a potion of enlightenment {unknown}
 m - 2 potions of degeneration {unknown}
 n - 4 potions of attraction
 x - a potion of invisibility {unknown}
 z - a potion of might {unknown}
 G - a potion of berserk rage {unknown}


   Skills:
 + Level 7.9 Fighting
 + Level 6.8(7.5) Short Blades
 + Level 5.1(7.1) Long Blades
 + Level 7.1 Polearms
 + Level 9.2 Armour
 + Level 3.7 Dodging
 + Level 0.3 Stealth


You had 8 spell levels left.
You didn't know any spells.
Your spell library contained the following spells:

 Spells                   Type           Power      Damage    Failure   Level
 Magic Dart               Conj           0%         1d3       99%         1
 Slow                     Hex            0%         N/A       99%         1
 Searing Ray              Conj           0%         2d4       100%        2
 Confusing Touch          Hex            0%         N/A       100%        3
 Dazzling Flash           Conj/Hex       0%         N/A       100%        3
 Sigil of Binding         Hex            0%         N/A       100%        3
 Vampiric Draining        Necr           0%         2d6       100%        3
 Volatile Blastmotes      Fire/Tloc      0%         2d10      100%        3
 Cause Fear               Hex            0%         N/A       100%        4
 Fulminant Prism          Conj/Hex       0%         3d5       100%        4
 Fireball                 Conj/Fire      0%         3d3       100%        5
 Plasma Beam              Fire/Air       0%         2x1d10    100%        6
 Starburst                Conj/Fire      0%         6d3       100%        6
 Haunt                    Necr/Summ      0%         N/A       100%        7
 Maxwell's Capacitive Co  Air            0%         ∞         100%        8
 Dragon's Call            Summ           0%         N/A       100%        9


Dungeon Overview and Level Annotations

Branches:
Dungeon (8/15)
 Temple: D:4-7         Lair: D:8-11

Altars:
Cheibriados
Okawaru

Shops:
D:6 [   D:7 (

Annotations:
D:8 1 transporter, pokeman's ghost, novice DEHW


Innate Abilities, Weirdness & Mutations

You have a pair of horns on your head.
You reflexively headbutt those who attack you in melee.


Message History

You don't know any spells.
You don't know any spells.
You don't know any spells.
You don't know any spells.
You don't know any spells.
You don't know any spells.
You don't know any spells.
You don't know any spells.
You enter the transporter and appear at another place.
You puncture the ogre! Your headbutt misses the ogre.
The ogre is severely wounded.
The ogre closely misses you.
Pokeman's ghost hits you but does no damage.
You impale the ogre!!
You kill the ogre!
Trog accepts your kill.
Pokeman's ghost gestures wildly while chanting.
Pokeman's ghost blinks!
Your Polearms skill increases to level 7!
You hit the two-headed ogre.
The two-headed ogre is poisoned.
You headbutt the two-headed ogre!
The two-headed ogre is moderately wounded.
The two-headed ogre hits you with the +6 giant spiked club of Fisuz {antimagic, rPois Str-3 Int+3}!
You feel your power leaking away.
The two-headed ogre hits you with the +8 giant club "Ygodicez" {freeze, rElec Str+2 Dex+4}!
The two-headed ogre freezes you.
You puncture the two-headed ogre!
The two-headed ogre is moderately wounded.
The ogre hits you with a +0 giant club!
The two-headed ogre hits you with the +6 giant spiked club of Fisuz {antimagic, rPois Str-3 Int+3}!
You feel your power leaking away.
The two-headed ogre hits you with the +8 giant club "Ygodicez" {freeze, rElec Str+2 Dex+4}!
* * * LOW HITPOINT WARNING * * *
You completely miss the two-headed ogre.
You headbutt the two-headed ogre, but do no damage.
The two-headed ogre is moderately wounded.
You puncture the two-headed ogre!
The two-headed ogre is severely wounded.
The ogre hits you with a +0 giant club!
You die...

####.#.# #.## #....#.#
#..### #)####.# ##...#
#)####### ###.#
#...)...# #.###
#######.# #...### #.#
###...# #.#
############# ###.. #.#
#..@O.©.....# ###
######.# #.O##$..##..#
# #....#.#
#.#..#.#..#.# #.##<#.#
#.#./#.#..#.# #.#..#.#
#..##.W.##..#
#.#.##.###©...$$?....##
#.#....################
#.#...###.....©.©.....#
#.##.)# #.............#


You could see a two-headed ogre (very poisoned) and an ogre.

Vanquished Creatures
  Pikel (D:6)
  Joseph (D:7)
  Maggie (D:7)
  Sigmund (D:2)
  A wraith (D:6)
  A wyvern (D:7)
  2 steam dragons
  An orc warrior (D:8)
  2 ice beasts
  3 sky beasts
  An ogre (D:8)
  A phantom (D:4)
  4 bullfrogs
  An orc priest (D:6)
  2 hounds
  2 jellies (D:6)
  3 orc wizards
  4 gnolls
  3 adders (D:6)
  A white imp (D:8)
  2 ufetubi (D:6)
  A worm (D:2)
  2 dart slugs
  15 orcs
  4 endoplasms
  6 giant cockroaches
  8 goblins
  6 hobgoblins
  2 jackals (D:2)
  5 kobolds
  A quokka (D:3)
  3 ball pythons
  5 bats
  A frilled lizard (D:3)
  6 rats
103 creatures vanquished.

Notes
Turn   | Place    | Note
-------+----------+-------------------------------------------
     0 | D:1      | Curundu the Minotaur Berserker began the quest for the Orb.
     0 | D:1      | Reached XP level 1. HP: 19/19 MP: 0/0
   231 | D:1      | Reached XP level 2. HP: 27/27 MP: 1/1
   530 | D:1      | Got Sif Muna's Compilation of the Swarm and the Welkin
   968 | D:2      | Upgraded the game from 0.31-a0-1300-gb6740aa4e6 to
                  | 0.31-a0-1308-ga3cce3a448
  1014 | D:2      | Reached XP level 3. HP: 34/34 MP: 2/2
  1221 | D:2      | Found a faded altar of an unknown god.
  1434 | D:2      | Noticed Sigmund
  1455 | D:2      | Killed Sigmund
  1456 | D:2      | Reached skill level 5 in Fighting
  1456 | D:2      | Reached skill level 1 in Short Blades
  1456 | D:2      | Reached skill level 5 in Long Blades
  1456 | D:2      | Reached skill level 3 in Armour
  1456 | D:2      | Reached XP level 4. HP: 8/42 MP: 3/3
  1456 | D:2      | Reached XP level 5. HP: 9/48 MP: 4/4
  1648 | D:2      | Found a snail-covered altar of Cheibriados.
  1987 | D:3      | Reached ** piety under Trog
  2245 | D:3      | Found the Hermit's Pendant {Faith Invo=14 Evo=0 MP+5}
  2583 | D:4      | Identified the ring "Udigesoe" {rCorr Int+4}
  2645 | D:4      | Reached XP level 6. HP: 45/56 MP: 5/5
  2822 | D:4      | You fall into a shaft and drop 2 floors!
  3083 | D:6      | Reached skill level 4 in Armour
  3107 | D:6      | Identified the +7 trident of the Postmodern Tables {venom,
                  | ^Fragile rF+ Int+2 Dex+4}
  3113 | D:6      | Reached XP level 7. HP: 58/62 MP: 6/6
  3236 | D:6      | Found Ushrajemo's Armour Shoppe.
  3238 | D:6      | Noticed a steam dragon
  3244 | D:6      | Noticed a wraith
  3249 | D:6      | Killed a steam dragon
  3250 | D:6      | Reached skill level 5 in Short Blades
  3250 | D:6      | Reached skill level 5 in Armour
  3258 | D:6      | Killed a wraith
  3270 | D:6      | Bought a +0 pair of boots for 58 gold pieces
  3436 | D:6      | Noticed Pikel
  3455 | D:6      | Killed Pikel
  3456 | D:6      | Reached skill level 6 in Armour
  3456 | D:6      | Reached XP level 8. HP: 44/71 MP: 7/7
  3579 | D:6      | Found an iron altar of Okawaru.
  3605 | D:6      | Reached *** piety under Trog
  3644 | D:6      | Reached skill level 7 in Armour
  3948 | D:7      | Noticed Joseph
  3961 | D:7      | Killed Joseph
  3962 | D:7      | Reached skill level 8 in Armour
  3962 | D:7      | Reached XP level 9. HP: 15/79 MP: 8/8
  4389 | D:7      | Noticed Maggie
  4402 | D:7      | Killed Maggie
  4403 | D:7      | Reached skill level 5 in Polearms
  4625 | D:7      | Found Otiext's Weapon Emporium.
  5018 | D:8      | Reached skill level 9 in Armour
  5347 | D:8      | Found a transporter.
  5347 | D:8      | Noticed pokeman's ghost (novice DEHW)
  5348 | D:8      | Found a transporter.
  5350 | D:8      | Identified the +6 giant spiked club of Fisuz {antimagic,
                  | rPois Str-3 Int+3}
  5350 | D:8      | Identified the +8 giant club "Ygodicez" {freeze, rElec
                  | Str+2 Dex+4}
  5350 | D:8      | Noticed a two-headed ogre
  5373 | D:8      | Slain by an ogre

Illustrated notes

Levels and vault maps discovered:
D:1:      dpeg_arrival_fog, layout_loops_ring, serial_co_window_serial,
          co_window_corner_a, co_window_cross_1, co_window_paths_a,
          co_window_corner_a, co_window_paths_a, co_window_2corner,
          co_window_corner_cb, co_window_corner_b, glass_columns_b,
          glass_columns_c, glass_columns_a
D:2:      layout_basic, ebering_ecumenical_altar_webs, basic_altar, uniq_sigmund
D:3:      layout_basic, minmay_circle_x
D:4:      layout_basic, wad_floor_pattern_untrapped
D:6:      layout_rooms, nicolae_overflow_hidden_temple, serial_shops,
          nicolae_stop_n_shop_2, uniq_pikel
D:7:      layout_cave_pods, serial_shops, shop, uniq_maggie, uniq_joseph
D:8:      layout_basic, gammafunk_ghost_smash

Skill      XL: |  1  2  3  4  5  6  7  8  9 |
---------------+----------------------------+-----
Long Blades    | 4 5 |  5.1
Fighting       | 4 5 6 7 |  7.9
Short Blades   | 1 2 4 6 |  6.8
Armour         | 3 4 6 8 9 |  9.2
Dodging        | 3 |  3.7
Polearms       | 2 4 7 |  7.1
Stealth        | |  0.3

Action                     |  1- 3 |  4- 6 |  7- 9 || total
---------------------------+-------+-------+-------++-------
  Melee: Falchion          |    33 |       |       ||    33
         Headbutt          |    12 |    28 |    13 ||    53
         Dagger            |    58 |   154 |     5 ||   217
         Punch             |       |     3 |     2 ||     5
         Trident           |       |       |   107 ||   107
 Invoke: Trog's Hand       |       |       |     1 ||     1
    Use: Scroll            |       |       |    11 ||    11
 Armour: Animal skin       |    28 |       |       ||    28
         Ring mail         |    16 |       |       ||    16
         Plate armour      |       |   133 |   112 ||   245
  Dodge: Dodged            |    50 |    52 |    34 ||   136

Table legend: (Time is in decaauts)
 A = Elapsed time spent in this place.
 B = Non-inter-level travel time spent in this place.
 C = Inter-level travel time spent in this place.
 D = Time resting spent in this place.
 E = Time spent auto-exploring this place.
 F = Levels seen in this place.
 G = Mean time per level.
                   A        B        C        D        E       F      G
               +--------+--------+--------+--------+--------+-----+--------+
         Total |   5365 |   5362 |      3 |    194 |   3913 |   7 |  766.4 |
       Dungeon |   5365 |   5362 |      3 |    194 |   3913 |   7 |  766.4 |
               +--------+--------+--------+--------+--------+-----+--------+

Top non-repeatable levels by time:
     D:7: 1126 daAuts
     D:1: 969 daAuts
     D:6: 959 daAuts
     D:2: 921 daAuts
     D:3: 614 daAuts
     D:8: 484 daAuts
     D:4: 289 daAuts
